 Dungeon Crawl Stone Soup version 0.24.0-13-gcf9b319 (webtiles) character file.

Game seed: 14893580065097298694, levelgen mode: deterministic

329508 SladeWilson666 the Warrior (level 22, 0/132 HPs)
             Began as a Formicid Fighter on Jan 18, 2020.
             Was the Champion of Okawaru.
             Succumbed to a deep elf annihilator's poison arrow
             ... on level 3 of the Elven Halls on Jan 19, 2020.
             The game lasted 03:30:04 (48233 turns).

SladeWilson666 the Warrior (Formicid Fighter)      Turns: 48233, Time: 03:30:05

Health: 0/132      AC: 44    Str: 29    XL:     22   Next: 69%
Magic:  6/21       EV: 12    Int:  7    God:    Okawaru [******]
Gold:   663        SH: 30    Dex: 21    Spells: 21/21 levels left

rFire    + + .     SeeInvis +   g - +9 falchion "Nush" {flame, rF+ MR- Dex+4 Stlth+}
rCold    x . .     Gourm    .   r - +6 large shield of Ugohegev {rC- rN++}
rNeg     + + .     Faith    .   L - +14 crystal plate armour
rPois    +         Spirit   +   (helmet unavailable)
rElec    +         Reflect  .   I - +2 cloak {rPois}
rCorr    .         Harm     .   J - +2 pair of gloves of Democracy {rElec Dex+4}
MR       ++...     Clarity  +   y - +2 pair of boots {run}
Stlth    ..........             h - amulet of guardian spirit
HPRegen  0.00/turn              Q - ring of protection from magic
MPRegen  0.17/turn              H - ring of protection from fire

@: mighty, agile, lethally poisoned (0 -> -12), quick
A: permanent stasis, dig shafts and tunnels, four strong arms, antennae 3, agile
1, [blurry vision 3], clarity, [clumsy 2], [deformed body], [deterioration 2],
[dopey 2], [frail 3], [low mp 3], screaming 1[+2], [inhibited regeneration],
[weak 2], [no potion heal 3], [subdued magic 3]
}: 2/15 runes: decaying, serpentine
a: Dig, Shaft Self, Heroism, Finesse, Renounce Religion


You were on level 3 of the Elven Halls.
You worshipped Okawaru.
Okawaru was exalted by your worship.
You were not hungry.

You visited 7 branches of the dungeon, and saw 35 of its levels.
You visited the Abyss 1 time.

You collected 3214 gold pieces.
You spent 2551 gold pieces at shops.

Inventory:

Hand Weapons
 b - a +2 scimitar of holy wrath
 g - the +9 falchion "Nush" (weapon) {flame, rF+ MR- Dex+4 Stlth+}
   (You found it on level 2 of the Lair of Beasts)

   It has been specially enchanted to burn those struck by it, causing extra
   injury to most foes and up to half again as much damage against particularly
   susceptible opponents.
   Big, fiery blades are also staple armaments of hydra-hunters.
   It affects your dexterity (+4).
   It protects you from fire.
   It affects your resistance to hostile enchantments.
   It makes you more stealthy.
 K - a +5 triple sword of holy wrath
Missiles
 c - 5 throwing nets (quivered)
Armour
 k - a scarf of repulsion
 r - the +6 large shield of Ugohegev (worn) {rC- rN++}
   (You acquired it on level 4 of the Snake Pit)

   It makes you vulnerable to cold.
   It greatly protects you from negative energy.
 y - a +2 pair of boots of running (worn)
 F - a scarf of cloud immunity
 I - a +2 cloak of poison resistance (worn)
 J - the +2 pair of gloves of Democracy (worn) {rElec Dex+4}
   (Okawaru gifted it to you on level 1 of the Elven Halls)

   It affects your dexterity (+4).
   It insulates you from electricity.
 L - a +14 crystal plate armour (worn)
Jewellery
 d - a +3 ring of slaying
 h - an amulet of guardian spirit (around neck)
 t - an uncursed ring of magical power
 B - a +2 amulet of reflection
 H - a ring of protection from fire (right hand)
 Q - a ring of protection from magic (left hand)
Wands
 e - a wand of flame (55)
 p - a wand of enslavement (7)
 u - a wand of polymorph (10)
 x - a wand of disintegration (17)
 z - a wand of digging (3)
 C - a wand of clouds (6)
 D - a wand of iceblast (40)
 V - a wand of paralysis (22)
Scrolls
 i - 8 scrolls of remove curse
 l - 11 scrolls of enchant weapon
 w - 5 scrolls of magic mapping
 M - 2 scrolls of torment
 N - 5 scrolls of fog
 P - a scroll of holy word
 Z - a scroll of enchant armour
Potions
 m - 11 potions of curing
 s - 2 potions of flight
 G - 6 potions of cancellation
Miscellaneous
 a - a fan of gales
 n - a crystal ball of energy
 o - a lamp of fire
 T - a sack of spiders
 U - a phial of floods (inert)
 W - a lightning rod (4/4)
Comestibles
 f - 43 rations


   Skills:
 + Level 19.7 Fighting
 * Level 19.1 Long Blades
 - Level 5.9 Throwing
 - Level 18.4 Armour
 - Level 18.1 Shields
 - Level 10.2 Invocations
 - Level 11.1 Evocations


You had 21 spell levels left.
You didn't know any spells.
Your spell library contained the following spells:

 Spells                   Type           Power        Failure   Level  Hunger
 Animate Skeleton         Necr           N/A          99%         1    ##.....
 Apportation              Tloc           #.....       99%         1    ##.....
 Beastly Appendage        Tmut           #.....       99%         1    ##.....
 Confusing Touch          Hex            #.....       99%         1    ##.....
 Corona                   Hex            #......      99%         1    ##.....
 Magic Dart               Conj           #...         99%         1    ##.....
 Pain                     Necr           #...         99%         1    ##.....
 Summon Butterflies       Summ           #.......     99%         1    ##.....
 Ensorcelled Hibernation  Hex/Ice        #.....       100%        2    ###....
 Passwall                 Tmut/Erth      #.......     100%        2    ###....
 Searing Ray              Conj           #.....       100%        2    ###....
 Sticks to Snakes         Tmut           #.......     100%        2    ###....
 Swiftness                Chrm/Air       #.......     100%        2    ###....
 Confuse                  Hex            #.......     100%        3    ####...
 Dazzling Spray           Conj/Hex       #.....       100%        3    ####...
 Gell's Gravitas          Tloc           #.........   100%        3    ####...
 Lesser Beckoning         Tloc           #.........   100%        3    ####...
 Regeneration             Chrm/Necr      #.........   100%        3    ####...
 Spider Form              Tmut/Pois      #.........   100%        3    ####...
 Tukima's Dance           Hex            #.......     100%        3    ####...
 Vampiric Draining        Necr           #.........   100%        3    ####...
 Animate Dead             Necr           N/A          100%        4    #####..
 Force Lance              Conj/Tloc      #.......     100%        4    #####..
 Fulminant Prism          Conj/Hex       #.........   100%        4    #####..
 Ice Form                 Ice/Tmut       #.......     100%        4    #####..
 Iskenderun's Mystic Bla  Conj           #.......     100%        4    #####..
 Passage of Golubria      Tloc           N/A          100%        4    #####..
 Petrify                  Tmut/Erth      #.......     100%        4    #####..
 Alistair's Intoxication  Tmut/Pois      #.......     100%        5    ######.
 Blade Hands              Tmut           #.........   100%        5    ######.
 Lee's Rapid Deconstruct  Erth           #.........   100%        5    ######.
 Metabolic Englaciation   Hex/Ice        #.........   100%        5    ######.
 Yara's Violent Unravell  Hex/Tmut       #.........   100%        5    ######.
 Bolt of Cold             Conj/Ice       #.........   100%        6    #######
 Darkness                 Hex            #.........   100%        6    #######
 Freezing Cloud           Conj/Ice/Air   #.........   100%        6    #######
 Invisibility             Hex            #.......     100%        6    #######
 Ozocubu's Refrigeration  Ice            #.........   100%        6    #######
 Simulacrum               Ice/Necr       #.........   100%        6    #######
 Haunt                    Necr/Summ      #.........   100%        7    #######
 Borgnjor's Revivificati  Necr           #.........   100%        8    #######
 Death's Door             Chrm/Necr      #.........   100%        8    #######
 Infestation              Necr           #.........   100%        8    #######
 Necromutation            Tmut/Necr      #.........   100%        8    #######


Dungeon Overview and Level Annotations

Branches:
Dungeon (15/15)            Temple (1/1) D:7            Lair (6/6) D:11
  Swamp (4/4) Lair:4        Snake (4/4) Lair:2        Slime (0/5) Lair:6
    Orc (2/2) D:9             Elf (3/3) Orc:2        Vaults (0/5) D:14
 Depths (0/5) D:15

Altars:
Ashenzari
Cheibriados
Dithmenos
Elyvilon
Fedhas
Gozag
Hepliaklqana
Kikubaaqudgha
Makhleb
Nemelex Xobeh
Okawaru
Qazlal
Ru
Sif Muna
Trog
Uskayaw
Vehumet
Wu Jian
Xom
Yredelemnul
Zin
The Shining One
Jiyva

Shops:
D:12 [   Orc:2 [=%=   Elf:3 [   Swamp:2 *   Snake:4 =}}


Innate Abilities, Weirdness & Mutations

You cannot be hasted, slowed, berserked, paralysed or teleported.
You can dig through walls and to a lower floor.
Your four strong arms can wield two-handed weapons with a shield.
You have a pair of large antennae on your head. (SInv)
You are agile. (Dex +2)
You possess an exceptional clarity of mind.
[Scrolls take you much longer to read.]
[You are very clumsy. (Dex -4)]
[Armour fits poorly on your strangely shaped body.]
[Your body often deteriorates upon taking damage.]
[You are very dopey. (Int -4)]
[You are extremely frail. (-30% HP)]
[Your magical capacity is extremely low. (-30% MP)]
[You frequently scream uncontrollably at your foes.]
[You do not regenerate when monsters are visible.]
[You are very weak. (Str -4)]
[Potions cannot restore your health.]
[Your spells are much easier to cast, but much less powerful.]


Message History

Your connection to magic feels nearly dormant.
You slash the deep elf annihilator! You burn the deep elf annihilator.
The deep elf annihilator is moderately wounded.
The deep elf annihilator casts a spell.
The deep elf annihilator blinks!
You feel less invigorated.
You feel less confused.
The deep elf annihilator casts a spell at you.
The poison arrow hits you!
You are lethally poisoned!
You partially resist.
* * * LOW HITPOINT WARNING * * *
Things that are here:
a +0 chain mail; a +0 vampiric glaive
* * * LOW HITPOINT WARNING * * *
You feel sick.
The wretched star pulses with an eldritch light!
Things that are here:
a +0 long sword; a +0 chain mail; a +0 short sword You die...

#..# # #.[# # #..# # #.e#
{ { # #..# #.{#####
###.e##..######
#...e.*)[..##?##
#..[.[.e@)[[[..#
#....[.[...##.##
###..##'.#.#..# ####
#..#....##### #...#
#..#.....# ###....###
#..'.....# #.......'.
#..'.....#####.#.....##
##.#............#...#..
####'#........#..........


You could see a deep elf master archer, a wretched star, a deep elf annihilator
and a deep elf demonologist.

Vanquished Creatures
  Mara (Elf:3)
  Saint Roka (Orc:1)
  Vashnia (Snake:2)
  Rupert (Lair:4)
  Jorgrun (D:15)
  A deep elf blademaster (Elf:3)
  Frances (Swamp:2)
  Gastronok (D:9)
  3 thorn hunters
  Roxanne (D:15)
  A fire giant (D:15)
  12 nagarajas
  An azure jelly (Lair:6)
  2 deep elf sorcerers (Elf:3)
  4 deep elf elementalists
  A balrug (Abyss:3)
  An orc warlord (Orc:1)
  A very ugly thing (Swamp:1)
  7 deep elf annihilators (Elf:3)
  3 deep elf demonologists
  Nessos (D:14)
  Azrael (D:15)
  The ghost of Vurownat the Blocker, a journeyman MiBe of Trog (Snake:4)
  3 deep elf death magi (Elf:3)
  A fire dragon (D:15)
  A great orb of eyes (Abyss:3)
  6 naga warriors
  25 hydras
  Erolcha (D:10)
  5 deep elf high priests (Elf:3)
  Harold (D:10)
  4 vault guards (D:14)
  11 anacondas
  4 centaur warriors
  3 catoblepae
  Erica (D:8)
  3 ogre magi
  3 ghost crabs (Swamp:4)
  4 shambling mangroves
  A death knight (D:13)
  34 dancing weapons
  18 two-headed ogres
  23 alligators
  A tengu warrior (D:14)
  4 thrashing horrors (Abyss:3)
  An orc high priest (Orc:2)
  10 shock serpents
  A spriggan berserker (Swamp:4)
  9 death yaks
  10 naga sharpshooters
  33 deep elf knights
  2 sun demons (Abyss:3)
  3 salamander mystics (Snake:4)
  4 wretched stars (Abyss:3)
  5 skeletal warriors (D:14)
  An unseen horror (shapeshifter) (Abyss:3)
  4 unseen horrors
  2 deep trolls (Orc:2)
  12 deep elf archers
  An anaconda skeleton (Abyss:3)
  Pikel (D:8)
  A spriggan druid (Swamp:3)
  15 swamp dragons
  3 naga ritualists (Snake:4)
  4 lindwurms (Lair:3)
  13 starcursed masses (Abyss:3)
  2 mana vipers
  5 orc knights
  A phantasmal warrior (D:13)
  10 ugly things
  3 orc sorcerers
  51 deep elf magi
  13 salamanders
  3 oklob plants (Lair:4)
  5 cyclopes
  A manticore (D:12)
  A black mamba (shapeshifter) (Elf:3)
  3 centaur zombies
  16 guardian serpents
  3 elephants (Lair:5)
  Maurice (D:8)
  Joseph (D:7)
  24 naga magi
  28 black mambas
  6 smoke demons (Abyss:3)
  A spiny frog (shapeshifter) (D:13)
  2 gargoyles (D:11)
  A yaktaur (D:11)
  2 kobold demonologists
  A rime drake (shapeshifter) (D:14)
  An efreet (D:15)
  20 spiny frogs
  A freezing wraith (D:15)
  An ice devil (Abyss:3)
  4 ancient zymes (Abyss:3)
  6 komodo dragons
  A rime drake (Lair:3)
  A hellwing (Abyss:3)
  3 meliai (Lair:6)
  A queen bee (Lair:6)
  12 tyrant leeches
  20 trolls
  4 polar bears
  22 hornets
  4 raiju (Abyss:3)
  A harpy skeleton (Abyss:3)
  27 blink frogs
  11 dream sheep
  10 bog bodies
  14 hippogriffs
  22 slime creatures
  3 shadows
  3 water elementals
  A vampire (D:13)
  6 wraiths
  33 yaks
  2 large abominations (Abyss:3)
  26 spriggans
  A human (D:7)
  10 wyverns
  Eustachio (D:4)
  2 ynoxinuls (Abyss:3)
  6 fire elementals
  A fire bat (Abyss:3)
  5 air elementals
  2 hogs (D:7)
  4 basilisks
  Grum (D:8)
  A black mamba skeleton (Abyss:3)
  A steam dragon (D:11)
  A chaos spawn (Abyss:3)
  3 neqoxecs (Abyss:3)
  17 vampire mosquitoes
  2 hungry ghosts
  17 insubstantial wisps
  16 swamp worms
  47 nagas
  3 acid dragons
  6 wargs
  8 hell hounds
  A soldier ant (D:14)
  7 small abominations (Abyss:3)
  A floating eye (Lair:4)
  14 water moccasins
  6 porcupines
  29 orc warriors
  16 swamp drakes
  3 ice beasts
  2 sky beasts
  5 black bears
  32 ogres
  2 eyes of draining
  3 slaves (D:8)
  4 boggarts
  2 necrophages
  4 phantoms
  27 centaurs
  20 wolves
  13 crocodiles
  16 bullfrogs
  3 big kobolds (D:9)
  3 gnoll sergeants (D:9)
  An earth elemental (Elf:1)
  2 wyvern zombies
  6 scorpions
  24 killer bees
  9 wights
  An electric eel (Elf:3)
  5 howler monkeys
  A bullfrog zombie (D:5)
  11 crimson imps
  3 jellies
  3 lava snakes
  A quasit (Abyss:3)
  Crazy Yiuf (D:6)
  10 orc priests
  9 hounds
  18 orc wizards
  A bullfrog skeleton (D:5)
  5 centaur skeletons
  6 iguanas
  9 worker ants
  A hound zombie (D:5)
  2 hound skeletons
  A howler monkey zombie (D:3)
  3 worker ant zombies
  A gnoll (D:9)
  14 adders
  3 shadow imps
  An adder skeleton (D:3)
  4 dart slugs
  5 leopard geckos
  78 orcs
  4 bats
  10 giant cockroaches
  3 hobgoblins (D:3)
  12 jackals
  8 kobolds
  6 quokkas
  4 ball pythons
  5 frilled lizards
  6 goblins
  A jackal zombie (D:3)
  2 quokka skeletons (D:4)
  2 quokka zombies
  4 rats
  2 briar patches (Swamp:4)
  A butterfly (Lair:3)
  2 crawling corpses (Elf:3)
  3 fungi
  A plant (Lair:6)
1467 creatures vanquished.

Vanquished Creatures (collateral kills)
  A deep elf death mage (Elf:3)
  The ghost of Feuloas the Archer, a journeyman CeHu of Ru (D:14)
  3 thrashing horrors (Abyss:3)
  A sun demon (Abyss:3)
  2 hornets (D:14)
  2 spriggans (D:14)
  A neqoxec (Abyss:3)
  A black bear (D:14)
12 creatures vanquished.

Vanquished Creatures (others)
  5 naga sharpshooters
  4 deep elf magi
  5 deep elf archers
  A wizard (D:7)
  A salamander (Snake:4)
  A spiny frog (Swamp:4)
  A blink frog (Swamp:2)
  A slave (D:8)
  An orc (Orc:2)
  12 fungi
  15 plants
47 creatures vanquished.

Grand Total: 1526 creatures vanquished

Notes
Turn   | Place    | Note
-------+----------+-------------------------------------------
     0 | D:1      | SladeWilson666 the Formicid Fighter began the quest for the
                  | Orb.
     0 | D:1      | Reached XP level 1. HP: 18/18 MP: 1/1
   117 | D:1      | Reached XP level 2. HP: 21/24 MP: 2/2
   642 | D:1      | Reached XP level 3. HP: 26/29 MP: 3/3
  1122 | D:2      | Reached XP level 4. HP: 15/37 MP: 4/4
  1446 | D:2      | Reached skill level 5 in Shields
  1446 | D:2      | Reached XP level 5. HP: 18/42 MP: 5/5
  1709 | D:2      | Found a shattered altar of Ashenzari.
  1804 | D:3      | Found an ancient bone altar of Kikubaaqudgha.
  1808 | D:3      | Found a sacrificial altar of Ru.
  1945 | D:3      | Reached XP level 6. HP: 31/48 MP: 6/6
  3123 | D:4      | Found a burning altar of Makhleb.
  3183 | D:4      | Reached XP level 7. HP: 33/55 MP: 4/7
  3531 | D:4      | Noticed Eustachio
  3562 | D:4      | Killed Eustachio
  3562 | D:4      | Reached skill level 5 in Fighting
  3562 | D:4      | Reached skill level 5 in Armour
  3744 | D:4      | Gained mutation: Your spells are a little harder to cast,
                  | but a little more powerful. [potion of mutation]
  3744 | D:4      | Gained mutation: You have sharp fingernails. [potion of
                  | mutation]
  3796 | D:5      | Entered Level 5 of the Dungeon
  3959 | D:5      | Reached XP level 8. HP: 58/62 MP: 6/8
  4210 | D:5      | Found a bloodstained altar of Trog.
  4962 | D:6      | You fall into a shaft and drop 3 floors!
  5047 | D:8      | Noticed Grum
  5055 | D:8      | Reached XP level 9. HP: 50/69 MP: 9/9
  5069 | D:8      | Reached skill level 5 in Long Blades
  5097 | D:8      | Killed Grum
  5209 | D:8      | Noticed Pikel
  5227 | D:8      | Killed Pikel
  5303 | D:8      | Noticed a hippogriff
  5314 | D:8      | Killed a hippogriff
  5314 | D:8      | Reached skill level 10 in Shields
  5662 | D:8      | Reached XP level 10. HP: 22/79 MP: 9/10
  5795 | D:8      | Noticed Erica
  5819 | D:8      | Killed Erica
  6275 | D:8      | Found a stormy altar of Qazlal.
  6282 | D:8      | Noticed Maurice
  6298 | D:8      | Killed Maurice
  6878 | D:6      | Found a radiant altar of Vehumet.
  6913 | D:6      | Found a shimmering altar of Xom.
  6914 | D:6      | Found a shimmering altar of Xom.
  6914 | D:6      | Found a shimmering altar of Xom.
  6914 | D:6      | Found a shimmering altar of Xom.
  6915 | D:6      | Found a shimmering altar of Xom.
  7515 | D:6      | Found a runed translucent door.
  7516 | D:6      | Noticed Crazy Yiuf
  7525 | D:6      | Killed Crazy Yiuf
  7531 | D:6      | Got an iridescent mace
  7539 | D:6      | Identified the +5 mace "Noelot" {crush, *Noise rC+ Int+5}
                  | (You found it on level 6 of the Dungeon)
  7585 | D:6      | Reached XP level 11. HP: 85/87 MP: 11/11
  7800 | D:7      | Noticed Joseph
  7838 | D:7      | Killed Joseph
  7925 | D:7      | Found a staircase to the Ecumenical Temple.
  7986 | Temple   | Entered the Ecumenical Temple
  8000 | Temple   | Became a worshipper of Warmaster Okawaru
  8368 | D:7      | Found a bloodstained altar of Trog.
  8369 | D:7      | Noticed a wizard
  8374 | D:7      | Killed a wizard
  8447 | D:7      | Reached * piety under Okawaru
  8467 | D:7      | You fall into a shaft and drop 1 floor!
  9492 | D:9      | Noticed a red ugly thing
  9504 | D:9      | Killed a red ugly thing
  9680 | D:9      | Noticed Gastronok
  9718 | D:9      | Killed Gastronok
  9718 | D:9      | Reached ** piety under Okawaru
  9718 | D:9      | Reached *** piety under Okawaru
  9892 | D:9      | Found a staircase to the Orcish Mines.
  9965 | D:9      | Reached **** piety under Okawaru
  9965 | D:9      | Reached XP level 12. HP: 56/96 MP: 12/12
 10380 | D:10     | Entered Level 10 of the Dungeon
 10387 | D:10     | Noticed Harold
 10394 | D:10     | Noticed an unseen horror
 10402 | D:10     | Killed Harold
 10402 | D:10     | Reached skill level 1 in Evocations
 10407 | D:10     | Killed an unseen horror
 10449 | D:10     | Noticed Erolcha
 10456 | D:10     | Killed Erolcha
 10456 | D:10     | Reached ***** piety under Okawaru
 10456 | D:10     | Reached skill level 10 in Fighting
 10504 | D:10     | Noticed a two-headed ogre
 10512 | D:10     | Reached skill level 10 in Armour
 10515 | D:10     | Killed a two-headed ogre
 11204 | D:11     | Received a gift from Okawaru
 11291 | D:11     | Found a staircase to the Lair.
 12021 | D:11     | Reached XP level 13. HP: 85/104 MP: 16/16
 12095 | D:11     | Received a gift from Okawaru
 12263 | D:11     | Reached skill level 5 in Evocations
 12795 | Lair:1   | Entered Level 1 of the Lair of Beasts
 12795 | Lair:1   | Noticed a six-headed hydra
 12805 | Lair:1   | Killed a one-headed hydra
 12954 | Lair:1   | Reached skill level 10 in Long Blades
 13399 | Lair:1   | Noticed a five-headed hydra
 13408 | Lair:1   | Killed a one-headed hydra
 13733 | Lair:1   | Noticed a six-headed hydra
 13740 | Lair:1   | Killed a one-headed hydra
 13740 | Lair:1   | Reached skill level 15 in Shields
 13855 | Lair:2   | Noticed a six-headed hydra
 13862 | Lair:2   | Killed a one-headed hydra
 14008 | Lair:2   | Noticed an eight-headed hydra
 14017 | Lair:2   | Killed a two-headed hydra
 14017 | Lair:2   | Reached skill level 1 in Invocations
 14090 | Lair:2   | Found a staircase to the Snake Pit.
 14258 | Lair:2   | Received a gift from Okawaru
 14281 | Lair:2   | Reached XP level 14. HP: 64/114 MP: 13/19
 14732 | Lair:2   | Got a twisted falchion
 14754 | Lair:2   | Identified the +9 falchion "Nush" {flame, rF+ MR- Dex+4
                  | Stlth+} (You found it on level 2 of the Lair of Beasts)
 16201 | Lair:4   | Reached ****** piety under Okawaru
 16266 | Lair:4   | Found a staircase to the Swamp.
 16581 | Lair:4   | Noticed Rupert
 16619 | Lair:4   | Killed Rupert
 16619 | Lair:4   | Received a gift from Okawaru
 17467 | Lair:5   | Reached XP level 15. HP: 108/122 MP: 21/21
 17817 | Lair:6   | Entered Level 6 of the Lair of Beasts
 17822 | Lair:6   | Found a runed translucent door.
 17828 | Lair:6   | Found a viscous altar of Jiyva.
 17828 | Lair:6   | Noticed an azure jelly
 17829 | Lair:6   | Found a staircase to the Slime Pits.
 17843 | Lair:6   | Killed an azure jelly
 17843 | Lair:6   | Reached skill level 5 in Invocations
 18006 | Lair:6   | Received a gift from Okawaru
 18042 | Lair:6   | Got a pair of warped gloves {god gift}
 18069 | Lair:6   | Identified the +0 pair of gloves of Apathy {rCorr Dex+3}
                  | (Okawaru gifted it to you on level 6 of the Lair of Beasts)
 18933 | Lair:6   | Reached skill level 10 in Evocations
 20352 | D:12     | Found Nafunnis's Antique Armour Emporium.
 20364 | D:12     | Bought a pair of runed boots for 240 gold pieces
 20364 | D:12     | Bought an ancient cloak for 304 gold pieces
 20389 | D:12     | Identified the +3 cloak "Utroot" {-Cast +Blink +Fly} (You
                  | bought it in a shop on level 12 of the Dungeon)
 21250 | D:13     | Reached XP level 16. HP: 124/132 MP: 23/23
 21456 | D:13     | Received a gift from Okawaru
 21459 | D:13     | Got a polished crystal plate armour {god gift}
 21471 | D:13     | Identified the +0 crystal plate armour "Caghigag" {+Inv
                  | +Fly rCorr Stlth-} (Okawaru gifted it to you on level 13 of
                  | the Dungeon)
 21982 | D:14     | Found a runed translucent door.
 21982 | D:14     | Noticed Feuloas's ghost (journeyman CeHu)
 21984 | D:14     | Identified the +4 trident of Departure {freeze, rC- rN+
                  | Dex+5}
 21999 | D:14     | Killed Feuloas's ghost
 22029 | D:14     | Found a gate to the Vaults.
 22194 | D:14     | Got a coiled lead amulet
 22195 | D:14     | Identified the amulet "Umeed" {Inacc +Inv rN+ Int+2} (You
                  | found it on level 14 of the Dungeon)
 22251 | D:14     | Noticed Nessos
 22261 | D:14     | Killed Nessos
 22898 | D:15     | Entered Level 15 of the Dungeon
 22910 | D:15     | Received a gift from Okawaru
 22971 | D:15     | Identified a +2 pair of boots of running (Okawaru gifted it
                  | to you on level 15 of the Dungeon)
 23072 | D:15     | Found a staircase to the Depths.
 23073 | D:15     | Noticed a fire giant
 23100 | D:15     | Killed a fire giant
 23415 | D:15     | Reached XP level 17. HP: 129/140 MP: 24/24
 23692 | D:15     | Noticed Roxanne
 23759 | D:15     | Killed Roxanne
 23759 | D:15     | Reached skill level 15 in Armour
 23820 | D:15     | Noticed Azrael
 23847 | D:15     | Killed Azrael
 23847 | D:15     | Reached skill level 15 in Fighting
 24085 | D:15     | Noticed Jorgrun
 24094 | D:15     | Killed Jorgrun
 24636 | Orc:1    | Entered Level 1 of the Orcish Mines
 25243 | Orc:2    | Entered Level 2 of the Orcish Mines
 25533 | Orc:2    | Noticed Saint Roka
 25626 | Orc:2    | Received a gift from Okawaru
 26769 | Orc:1    | Killed Saint Roka
 26773 | Orc:1    | Received a gift from Okawaru
 27178 | Orc:2    | Found a staircase to the Elven Halls.
 27268 | Orc:2    | Found Jeiratz's Food Shoppe.
 27270 | Orc:2    | Found Letug's Armour Emporium.
 27278 | Orc:2    | Found Moader's Jewellery Shop.
 27288 | Orc:2    | Found Noff's Jewellery Shoppe.
 27872 | Swamp:1  | Entered Level 1 of the Swamp
 28297 | Swamp:1  | Reached XP level 18. HP: 151/151 MP: 25/25
 28361 | Swamp:1  | Received a gift from Okawaru
 28723 | Swamp:2  | Reached skill level 10 in Invocations
 29184 | Swamp:2  | Noticed Frances
 29202 | Swamp:2  | Killed Frances
 29366 | Swamp:2  | Found Etuluirph's Island Escapes.
 29486 | Swamp:2  | Bought a scroll of fog for 40 gold pieces
 29486 | Swamp:2  | Bought a potion of invisibility for 160 gold pieces
 29714 | Swamp:2  | Reached skill level 1 in Throwing
 29999 | Swamp:2  | Lost mutation: You have sharp fingernails. [potion of
                  | mutation]
 29999 | Swamp:2  | Lost mutation: Your spells are a little harder to cast, but
                  | a little more powerful. [potion of mutation]
 29999 | Swamp:2  | Gained mutation: You possess an exceptional clarity of
                  | mind. [potion of mutation]
 29999 | Swamp:2  | Gained mutation: [You occasionally shout uncontrollably at
                  | your foes.] [potion of mutation]
 29999 | Swamp:2  | Gained mutation: You are agile. (Dex +2) [potion of
                  | mutation]
 30492 | Swamp:3  | Found the +8 trident of the Octopus King {venom, rElec
                  | rPois MR+}
 30570 | Swamp:3  | Received a gift from Okawaru
 30573 | Swamp:3  | Got blackened acid dragon scales {god gift}
 30586 | Swamp:3  | Identified the +11 acid dragon scales of Calculation {rCorr
                  | Str+2 SInv} (Okawaru gifted it to you on level 3 of the
                  | Swamp)
 31019 | Swamp:3  | Reached skill level 15 in Long Blades
 31300 | Swamp:4  | Entered Level 4 of the Swamp
 31746 | Swamp:4  | Reached XP level 19. HP: 36/159 MP: 11/26
 32242 | Swamp:4  | Received a gift from Okawaru
 32259 | Swamp:4  | Got an encrusted scale mail {god gift}
 32271 | Swamp:4  | Identified the +2 scale mail "Boweth" {rN+++ MP-9} (Okawaru
                  | gifted it to you on level 4 of the Swamp)
 32614 | Swamp:4  | Got a decaying rune of Zot
 33948 | Snake:1  | Entered Level 1 of the Snake Pit
 35063 | Snake:2  | Noticed Vashnia
 35127 | Snake:2  | Killed Vashnia
 36176 | Snake:2  | Received a gift from Okawaru
 36191 | Snake:2  | Got a slimy falchion {god gift}
 36223 | Snake:2  | Identified the +11 falchion of Okawaru's Wrath {pain,
                  | *Corrode rElec rF+} (Okawaru gifted it to you on level 2 of
                  | the Snake Pit)
 37593 | Snake:4  | Entered Level 4 of the Snake Pit
 37647 | Snake:4  | Found a runed translucent gate.
 37647 | Snake:4  | Found a runed translucent gate.
 37647 | Snake:4  | Found a runed translucent gate.
 37648 | Snake:4  | Noticed Vurownat's ghost (journeyman MiBe)
 37685 | Snake:4  | Reached XP level 20. HP: 160/168 MP: 27/27
 37829 | Snake:4  | Killed Vurownat's ghost
 37875 | Snake:4  | Got a translucent ring mail
 37879 | Snake:4  | Identified a scroll of acquirement
 37892 | Snake:4  | Identified the +9 ring mail "Cagix" {rPois rN+ Int+4} (You
                  | found it on level 4 of the Snake Pit)
 37919 | Snake:4  | Got a warped large shield
 37932 | Snake:4  | Identified the +6 large shield of Ugohegev {rC- rN++} (You
                  | acquired it on level 4 of the Snake Pit)
 38140 | Snake:4  | Found Yczibip's Jewellery Shoppe.
 38140 | Snake:4  | Found Pit Eruq's Gadget Shop.
 38141 | Snake:4  | Found Ekloyng's Gadget Shop.
 38151 | Snake:4  | Bought an uncursed ring of protection from magic for 375
                  | gold pieces
 38154 | Snake:4  | Bought a phial of floods for 440 gold pieces
 38158 | Snake:4  | Bought a lightning rod (4/4) for 480 gold pieces
 38158 | Snake:4  | Bought a box of beasts for 240 gold pieces
 38278 | Snake:4  | Reached skill level 5 in Throwing
 38299 | Snake:4  | Received a gift from Okawaru
 39464 | Snake:4  | Received a gift from Okawaru
 39702 | Snake:4  | Received a gift from Okawaru
 40133 | Snake:4  | Got a serpentine rune of Zot
 41368 | Elf:1    | Entered Level 1 of the Elven Halls
 41487 | Elf:1    | Received a gift from Okawaru
 41553 | Elf:1    | Got a pair of fine gloves {god gift}
 41612 | Elf:1    | Identified the +2 pair of gloves of Democracy {rElec Dex+4}
                  | (Okawaru gifted it to you on level 1 of the Elven Halls)
 41718 | Elf:1    | Reached XP level 21. HP: 169/177 MP: 28/28
 41819 | Elf:1    | Got a transparent trident
 41889 | Elf:1    | Identified the +6 trident "Paet" {drain, Str-5 Int+10} (You
                  | found it on level 1 of the Elven Halls)
 43189 | Elf:2    | Found a runed translucent gate.
 43189 | Elf:2    | Found a runed translucent gate.
 43189 | Elf:2    | Found a runed translucent gate.
 43198 | Elf:2    | Received a gift from Okawaru
 43813 | Elf:2    | Received a gift from Okawaru
 44142 | Elf:3    | Entered Level 3 of the Elven Halls
 44180 | Elf:3    | Received a gift from Okawaru
 44216 | Elf:3    | Found Qaucwai's Antique Armour Emporium.
 44241 | Elf:3    | Bought a runed scarf for 272 gold pieces
 44358 | Elf:3    | Noticed Mara
 44368 | Elf:3    | Noticed SladeWilson666's illusion
 44806 | Elf:3    | Noticed SladeWilson666's illusion
 45210 | Elf:3    | Noticed SladeWilson666's illusion
 45656 | Elf:3    | Noticed SladeWilson666's illusion
 45856 | Elf:3    | Noticed SladeWilson666's illusion
 45877 | Elf:3    | Killed Mara
 45877 | Elf:3    | Reached XP level 22. HP: 150/187 MP: 30/30
 46055 | Elf:3    | Received a gift from Okawaru
 46058 | Elf:3    | Got a pair of ichor-stained boots {god gift}
 46137 | Elf:3    | Identified the -7 pair of boots "Eroeck" {rF+ MP+9 Str-2
                  | Slay+3} (Okawaru gifted it to you on level 3 of the Elven
                  | Halls)
 47067 | Elf:3    | Cast into level 3 of the Abyss (a deep elf demonologist)
 47250 | Abyss:3  | Found a corrupted altar of Lugonu.
 48204 | Abyss:3  | Received a gift from Okawaru
 48225 | Elf:3    | Escaped the Abyss
 48231 | Elf:3    | HP: 2/132 [deep elf annihilator/poison arrow (5)]
 48233 | Elf:3    | Succumbed to a deep elf annihilator's poison arrow

Levels and vault maps discovered:
D:1:      grunt_arrival_lava_bath, layout_loops_corners, serial_forest,
          infiniplex_forest_zigzag_1, infiniplex_forest_pool,
          infiniplex_forest_straight_2, infiniplex_forest_straight_2,
          infiniplex_forest_straight_4, infiniplex_forest_clump_C,
          infiniplex_forest_corner_1
D:2:      layout_basic, marbit_many_paths
D:3:      layout_basic, grunt_temple_overflow_open, serial_undead,
          serial_undead_b, serial_undead_c, serial_undead_c, serial_undead_d
D:4:      layout_loops_ring, makhleb_heckhound_becter, uniq_eustachio
D:5:      layout_layer_cave, kennysheep_mini_moat, first_ration
D:6:      minmay_chambers_of_threes, layout_basic, kennysheep_mini,
          nicolae_ossuary_entry_plus, chequers_serial_rivers_small_b,
          xom_redecorated, uniq_crazy_yiuf_cottage
D:7:      layout_basic, temple_pool_b, grunt_livestock, trog_wizard, uniq_joseph
D:8:      layout_basic, nicolae_qazlal_general_emergency, uniq_maurice,
          uniq_grum, uniq_pikel, uniq_erica
D:9:      layout_roguey, kennysheep_orc_monster_closet_entryway, uniq_gastronok
D:10:     layout_cave_pools, mrwooster_statue_mirror, minivault_1,
          abandoned_shop, kennysheep_generic_room_11, uniq_erolcha, uniq_harold
D:11:     layout_stronghold, lair_entry_dummy, minmay_misc_feat_five,
          nzn_random_ring
D:12:     layout_basic, serial_shops, shop
D:13:     layout_loops_cross, minivault_23
D:14:     kennysheep_big_flooded_room, layout_irregular_city,
          lightli_vaults_fourway_checkpoint, ebering_ghost_funeral_grove,
          uniq_nessos
D:15:     grunt_enter_depths_giant_problem, layout_loops_ring,
          serial_park_square1 [serial_park_minivault_5x5_2], uniq_jorgrun,
          uniq_roxanne, uniq_azrael
Temple:   lightli_temple_of_artemis
Lair:1:   layout_gridlike, grunt_forest_small_clearings
Lair:2:   layout_roguey, minmay_snake_entry_guardpost_medium,
          serial_bayou_pond_e, infiniplex_staircase_pool_2,
          serial_bayou_shore_b, serial_bayou_shore_a
Lair:3:   layout_cave_shapes, minmay_lindwurm_lava, lemuel_fruit_fields
Lair:4:   layout_concentric_octagons, swamp_mist, disabler_island,
          grunt_megastairs_3, uniq_rupert
Lair:5:   layout_roguey, minivault_23
Lair:6:   minmay_lair_end_enchanted_forest, layout_cave_pods, slime_altar_2,
          special_room [special_room_bee], hibernation_bobbens,
          grunt_megastairs_5
Swamp:1:  layout_basic_swamp, evilmike_swamp_ruin_house_1
Swamp:2:  layout_basic_swamp, hangedman_swamp_ruin_wall, swamp_pool4,
          nicolae_island_escapes, uniq_frances
Swamp:3:  layout_falls_marsh, nicolae_swamp_very_dense_foliage
Swamp:4:  swamp_basic_johnstein, layout_basic_swamp
Snake:1:  layout_grid_maze
Snake:2:  layout_onion_interference, uniq_vashnia
Snake:3:  layout_onion
Snake:4:  grunt_snake_rune_serpentine_throne, layout_basic,
          gammafunk_ghost_split, minmay_shop_grove, serial_bayou_shore_b
Orc:1:    layout_caves
Orc:2:    st_orc_open, layout_diamond_mine, uniq_saint_roka
Elf:1:    kennysheep_oblong_rooms, layout_gridlike, evilmike_minifort,
          st_stairs_5
Elf:2:    layout_geoelf_grid, dk_noncrumbling_4
Elf:3:    minmay_elf_hall_spiked, layout_gridlike, serial_shops, shop_coins,
          chequers_big_river, minmay_misc_feat_diagonals,
          roderic_lattice_octagonal_star, uniq_mara

Skill      XL: |  1  2  3  4  5  6  7  8  9 10 11 12 13 14 15 16 17 18 19 20 21 22 |
---------------+-------------------------------------------------------------------+-----
Shields        | 4 5 6 7 8 10 12 13 14 15 16 17 18 | 18.1
Fighting       | 4 5 6 7 8 9 10 11 12 13 14 15 16 17 18 19 | 19.7
Armour         | 4 5 6 7 8 9 10 11 12 13 14 15 16 17 18 | 18.4
Long Blades    | 3 4 6 7 8 9 10 11 12 13 14 15 16 17 19 | 19.1
Evocations     | 4 6 8 10 11 | 11.1
Invocations    | 2 4 6 8 9 10 | 10.2
Throwing       | 3 4 5 |  5.9

Action                   |  1- 3 |  4- 6 |  7- 9 | 10-12 | 13-15 | 16-18 | 19-21 | 22-24 || total
-------------------------+-------+-------+-------+-------+-------+-------+-------+-------++-------
Melee: Long sword        |    76 |   216 |   377 |    96 |       |       |       |       ||   765
       Scimitar          |       |       |       |    99 |       |       |       |       ||    99
       Demon blade       |       |       |       |   391 |   331 |       |       |       ||   722
       Falchion          |       |       |       |    79 |   972 |  1877 |  2272 |   582 ||  5782
Invok: Heroism           |       |       |       |     1 |     3 |     3 |     4 |     2 ||    13
       Finesse           |       |       |       |       |       |     3 |     4 |     1 ||     8
 Abil: Dig               |       |       |     3 |     2 |     4 |     5 |    14 |     2 ||    30
       Evoke Flight      |       |       |       |       |       |     1 |       |       ||     1
Evoke: Wand              |       |       |       |       |    21 |     2 |     1 |     1 ||    25
       Box of beasts     |       |       |       |       |       |     1 |     1 |     1 ||     3
       Sack of spiders   |       |       |       |       |       |     1 |     1 |     1 ||     3
       Phial of floods   |       |       |       |       |       |       |     1 |     2 ||     3
       Crystal ball of e |       |       |       |       |       |       |       |     2 ||     2
       Lightning rod     |       |       |       |       |       |       |       |     2 ||     2
       Fan of gales      |       |       |       |       |       |       |       |     1 ||     1
       Lamp of fire      |       |       |       |       |       |       |       |     1 ||     1
  Use: Potion            |       |     9 |     6 |     6 |     4 |    11 |     6 |     8 ||    50
       Scroll            |       |     4 |     6 |     6 |     4 |    18 |    13 |     4 ||    55
 Stab: Confused          |       |       |       |       |       |     1 |       |       ||     1
       Distracted        |       |       |       |       |       |       |     1 |       ||     1
  Eat: Chunk             |     1 |     6 |     7 |    15 |    32 |    21 |    25 |     6 ||   113
       Ration            |       |       |     1 |     2 |       |     4 |     6 |     1 ||    14
Armor: Scale mail        |    35 |   103 |   131 |    18 |       |       |       |       ||   287
       Skin              |       |       |       |    21 |     4 |       |       |       ||    25
       Plate armour      |       |       |       |   175 |   100 |       |       |       ||   275
       Crystal plate arm |       |       |       |       |   502 |   900 |   718 |   125 ||  2245
Dodge: Dodged            |    22 |    81 |   151 |   139 |   199 |   270 |   197 |    47 ||  1106
       Deflected         |       |       |       |       |       |       |     2 |     3 ||     5
Block: Shield            |    50 |   138 |   298 |   493 |  1021 |  1305 |   353 |       ||  3658
       Reflection        |       |       |       |     9 |       |       |   229 |    13 ||   251
       Large shield      |       |       |       |       |       |       |  1799 |   415 ||  2214
       Rpst.: Long sword |     6 |    28 |    47 |     7 |       |       |       |       ||    88
       Scimitar          |       |       |       |     8 |       |       |       |       ||     8
       Falchion          |       |       |       |     8 |    32 |    61 |    33 |     6 ||   140
       Demon blade       |       |       |       |    22 |     9 |       |       |       ||    31
